TOP OF THE 1ST |
Toledo Stingers batting - Pitching for Boston Patriots : RHP Oliver Rodríguez
|
Pitching: RHP Oliver Rodríguez
|
|
Batting: RHB Alfredo Martínez
|
0-0: Called Strike 0-1: Ball 1-1: Ball 2-1: Foul Ball, location: 2F 2-2: Foul Ball, location: 2F 2-2: Strikes out looking
|
Batting: SHB Eugene Clutch
|
0-0: Ball 1-0: Ball 2-0: Swinging Strike 2-1: Ground out 5-3 (Groundball, 5L)
|
Batting: LHB Kyoji Hakoda
|
0-0: Called Strike 0-1: Foul Ball, location: 2F 0-2: Ball 1-2: Fly out, F7 (Flyball, 7)
|
Top of the 1st over - 0 runs, 0 hits, 0 errors, 0 left on base; Toledo 0 - Boston 0 |
BOTTOM OF THE 1ST |
Boston Patriots batting - Pitching for Toledo Stingers : RHP Enrique Castro
|
Pitching: RHP Enrique Castro
|
|
Batting: LHB Stanley Belote
|
0-0: Ball 1-0: Foul Ball, location: 2F 1-1: Ground out 4-3 (Groundball, 4)
|
Batting: LHB Ki-tak Im
|
0-0: Ball 1-0: Foul Ball, location: 2F 1-1: Called Strike 1-2: Ground out 6-3 (Groundball, 6M)
|
Batting: LHB Manuel Carmona
|
0-0: Fly out, F3 (Line Drive, 34)
|
Bottom of the 1st over - 0 runs, 0 hits, 0 errors, 0 left on base; Toledo 0 - Boston 0 |
TOP OF THE 2ND |
Toledo Stingers batting - Pitching for Boston Patriots : RHP Oliver Rodríguez
|
Batting: LHB Tural Bishara
|
0-0: Called Strike 0-1: Ball 1-1: Fly out, F8 (Flyball, 8RS)
|
Batting: SHB Dylan Carson
|
0-0: Swinging Strike 0-1: Ball 1-1: Called Strike 1-2: Ball 2-2: Strikes out looking
|
Batting: RHB Tamasaburo Kato
|
0-0: Ball 1-0: Foul Ball, location: 2F 1-1: Fly out, F7 (Flyball, 7LM)
|
Top of the 2nd over - 0 runs, 0 hits, 0 errors, 0 left on base; Toledo 0 - Boston 0 |
BOTTOM OF THE 2ND |
Boston Patriots batting - Pitching for Toledo Stingers : RHP Enrique Castro
|
Batting: LHB Jorge Alejándrez
|
0-0: Called Strike 0-1: Fly out, F7 (Flyball, 7D)
|
Batting: RHB Francisco Agámez
|
0-0: Called Strike 0-1: Ball 1-1: Fly out, F9 (Flyball, 89M)
|
Batting: LHB Jesús Reyes
|
0-0: Called Strike 0-1: Ball 1-1: Called Strike 1-2: Ball 2-2: Strikes out swinging
|
Bottom of the 2nd over - 0 runs, 0 hits, 0 errors, 0 left on base; Toledo 0 - Boston 0 |
TOP OF THE 3RD |
Toledo Stingers batting - Pitching for Boston Patriots : RHP Oliver Rodríguez
|
Batting: RHB Brett Callison
|
0-0: Ball 1-0: Swinging Strike 1-1: Ball 2-1: Swinging Strike 2-2: Strikes out swinging
|
Batting: RHB Pedro Álvarez
|
0-0: Fly out, F7 (Flyball, 78XD)
|
Batting: LHB Francisco Alfaro
|
0-0: Called Strike 0-1: Foul Ball, location: 2F 0-2: Ball 1-2: Ground out 5-3 (Groundball, 56)
|
Top of the 3rd over - 0 runs, 0 hits, 0 errors, 0 left on base; Toledo 0 - Boston 0 |
BOTTOM OF THE 3RD |
Boston Patriots batting - Pitching for Toledo Stingers : RHP Enrique Castro
|
Batting: LHB Juan Alvarado
|
0-0: Swinging Strike 0-1: Ball 1-1: Ball 2-1: SINGLE (Line Drive, 7LS)
|
Batting: RHB Gerardo Castillo
|
0-0: Called Strike 0-1: Ball 1-1: Swinging Strike 1-2: Strikes out swinging
|
Batting: RHB Bartolo Morales
|
0-0: Ball 1-0: Called Strike 1-1: Swinging Strike 1-2: Ball 2-2: Fly out, F1 (Line Drive, 15)
|
Batting: LHB Stanley Belote
|
0-0: Swinging Strike 0-1: Ball 1-1: Ground out 4-3 (Groundball, 4)
|
Bottom of the 3rd over - 0 runs, 1 hit, 0 errors, 1 left on base; Toledo 0 - Boston 0 |
TOP OF THE 4TH |
Toledo Stingers batting - Pitching for Boston Patriots : RHP Oliver Rodríguez
|
Batting: RHB Alfredo Martínez
|
0-0: Ball 1-0: Called Strike 1-1: Ball 2-1: Swinging Strike 2-2: Fly out, F9 (Flyball, 89S)
|
Batting: SHB Eugene Clutch
|
0-0: Ball 1-0: Foul Ball, location: 2F 1-1: Ground out 5-3 (Groundball, 56S)
|
Batting: LHB Kyoji Hakoda
|
0-0: Foul Ball, location: 2F 0-1: Called Strike 0-2: Fly out, F4 (Line Drive, 4)
|
Top of the 4th over - 0 runs, 0 hits, 0 errors, 0 left on base; Toledo 0 - Boston 0 |
BOTTOM OF THE 4TH |
Boston Patriots batting - Pitching for Toledo Stingers : RHP Enrique Castro
|
Batting: LHB Ki-tak Im
|
0-0: Called Strike 0-1: Ball 1-1: SINGLE (Groundball, 34D)
|
Batting: LHB Manuel Carmona
|
0-0: Called Strike 0-1: Ball 1-1: Fly out, F8 (Flyball, 78D)
|
Batting: LHB Jorge Alejándrez
|
0-0: Foul Ball, location: 2F 0-1: Called Strike 0-2: Hit by Pitch Ki-tak Im to second
|
Batting: RHB Francisco Agámez
|
0-0: Ball 1-0: Foul Ball, location: 2F 1-1: Called Strike 1-2: Ball 2-2: Strikes out swinging
|
Batting: LHB Jesús Reyes
|
0-0: Fly out, F6 (Line Drive, 6MD)
|
Bottom of the 4th over - 0 runs, 1 hit, 0 errors, 2 left on base; Toledo 0 - Boston 0 |
TOP OF THE 5TH |
Toledo Stingers batting - Pitching for Boston Patriots : RHP Oliver Rodríguez
|
Batting: LHB Tural Bishara
|
0-0: SOLO HOME RUN (Flyball, 78XD), Distance : 433 ft
|
Pitching: LHP Eugene Clarkston
|
|
Batting: SHB Dylan Carson
|
0-0: Fly out, F8 (Flyball, 8RXD)
|
Batting: RHB Tamasaburo Kato
|
0-0: Called Strike 0-1: Fly out, F6 (Popup, 15)
|
Batting: RHB Brett Callison
|
0-0: Called Strike 0-1: Foul Ball, location: 2F 0-2: Ball 1-2: Foul Ball, location: 2F 1-2: Fly out, F7 (Line Drive, 7)
|
Top of the 5th over - 1 run, 1 hit, 0 errors, 0 left on base; Toledo 1 - Boston 0 |
BOTTOM OF THE 5TH |
Boston Patriots batting - Pitching for Toledo Stingers : RHP Enrique Castro
|
Batting: LHB Juan Alvarado
|
0-0: Ball 1-0: Foul Ball, location: 2F 1-1: Ball 2-1: Foul Ball, location: 2F 2-2: SINGLE (Groundball, 4MD)
|
Batting: RHB Gerardo Castillo
|
0-0: Fly out, F9 (Flyball, 9S)
|
Batting: RHB Bartolo Morales
|
0-0: Ball 1-0: Fielders Choice at 2nd, 1-6 (Groundball, 13)
|
Batting: LHB Stanley Belote
|
0-0: Ball 1-0: Ball 2-0: Fly out, F6 (Popup, 4M)
|
Bottom of the 5th over - 0 runs, 1 hit, 0 errors, 1 left on base; Toledo 1 - Boston 0 |
TOP OF THE 6TH |
Toledo Stingers batting - Pitching for Boston Patriots : LHP Eugene Clarkston
|
Batting: RHB Pedro Álvarez
|
0-0: Swinging Strike 0-1: Fly out, F8 (Flyball, 8RXD)
|
Batting: LHB Francisco Alfaro
|
0-0: Ball 1-0: Foul Ball, location: 2F 1-1: Called Strike 1-2: Ball 2-2: Foul Ball, location: 2F 2-2: Ground out 4-3 (Groundball, 4)
|
Batting: RHB Alfredo Martínez
|
0-0: Hit by Pitch
|
Batting: SHB Eugene Clutch
|
0-0: Ball 1-0: Called Strike 1-1: Ball 2-1: Foul Ball, location: 2F 2-2: Strikes out looking
|
Top of the 6th over - 0 runs, 0 hits, 0 errors, 1 left on base; Toledo 1 - Boston 0 |
BOTTOM OF THE 6TH |
Boston Patriots batting - Pitching for Toledo Stingers : RHP Enrique Castro
|
Batting: LHB Ki-tak Im
|
0-0: Ball 1-0: Fly out, F9 (Flyball, 9S)
|
Batting: LHB Manuel Carmona
|
0-0: Ball 1-0: Swinging Strike 1-1: Foul Ball, location: 2F 1-2: Fly out, F7 (Flyball, 78M)
|
Batting: LHB Jorge Alejándrez
|
0-0: Ground out 4-3 (Groundball, 4)
|
Bottom of the 6th over - 0 runs, 0 hits, 0 errors, 0 left on base; Toledo 1 - Boston 0 |
TOP OF THE 7TH |
Toledo Stingers batting - Pitching for Boston Patriots : LHP Eugene Clarkston
|
Batting: LHB Kyoji Hakoda
|
0-0: Foul Ball, location: 2F 0-1: Swinging Strike 0-2: Foul Ball, location: 2F 0-2: Fly out, F9 (Flyball, 9D)
|
Pitching: RHP Ralph McKinney
|
|
Batting: LHB Tural Bishara
|
0-0: Foul Ball, location: 2F 0-1: Called Strike 0-2: Strikes out swinging
|
Batting: SHB Dylan Carson
|
0-0: Ball 1-0: Fly out, F8 (Flyball, 78M)
|
Top of the 7th over - 0 runs, 0 hits, 0 errors, 0 left on base; Toledo 1 - Boston 0 |
BOTTOM OF THE 7TH |
Boston Patriots batting - Pitching for Toledo Stingers : RHP Enrique Castro
|
Batting: RHB Francisco Agámez
|
0-0: Called Strike 0-1: Called Strike 0-2: Ball 1-2: Strikes out looking
|
Batting: LHB Jesús Reyes
|
0-0: Ball 1-0: Foul Ball, location: 2F 1-1: SINGLE (Groundball, 6MD)
|
Batting: LHB Juan Alvarado
|
0-0: Swinging Strike 0-1: Called Strike 0-2: Strikes out swinging
|
Batting: RHB Gerardo Castillo
|
0-0: Ball 1-0: Foul Ball, location: 2F 1-1: Foul Ball, location: 2F 1-2: Strikes out swinging
|
Bottom of the 7th over - 0 runs, 1 hit, 0 errors, 1 left on base; Toledo 1 - Boston 0 |
TOP OF THE 8TH |
Toledo Stingers batting - Pitching for Boston Patriots : RHP Ralph McKinney
|
Batting: RHB Tamasaburo Kato
|
0-0: Fly out, F8 (Line Drive, 8LM)
|
Batting: RHB Brett Callison
|
0-0: Ball 1-0: Ball 2-0: Foul Ball, location: 2F 2-1: Ball 3-1: Base on Balls
|
Batting: RHB Pedro Álvarez
|
0-0: Swinging Strike 0-1: Ball 1-1: Ball 2-1: Called Strike 2-2: Foul Ball, location: 2F 2-2: Foul Ball, location: 2F 2-2: Foul Ball, location: 2F 2-2: Strikes out looking
|
Batting: LHB Francisco Alfaro
|
0-0: Called Strike 0-1: Foul Ball, location: 2F 0-2: Ball 1-2: Ball 2-2: Foul Ball, location: 2F 2-2: Strikes out looking
|
Top of the 8th over - 0 runs, 0 hits, 0 errors, 1 left on base; Toledo 1 - Boston 0 |
BOTTOM OF THE 8TH |
Boston Patriots batting - Pitching for Toledo Stingers : RHP Enrique Castro
|
Now at 3B: Héctor Rivera
|
|
Batting: RHB Bartolo Morales
|
0-0: Called Strike 0-1: Fly out, F4 (Line Drive, 4)
|
Batting: LHB Stanley Belote
|
0-0: Ball 1-0: Ball 2-0: Ball 3-0: Base on Balls
|
Batting: LHB Ki-tak Im
|
0-0: Foul Ball, location: 2F 0-1: Ball 1-1: Ball 2-1: Grounds into double play, 5-4-3 (Groundball, 5)
|
Bottom of the 8th over - 0 runs, 0 hits, 0 errors, 0 left on base; Toledo 1 - Boston 0 |
TOP OF THE 9TH |
Toledo Stingers batting - Pitching for Boston Patriots : RHP Ralph McKinney
|
Batting: RHB Alfredo Martínez
|
0-0: Swinging Strike 0-1: Ball 1-1: Foul Ball, location: 2F 1-2: Ball 2-2: Strikes out swinging, 2-3 out at first.
|
Batting: SHB Eugene Clutch
|
0-0: Ball 1-0: Foul Ball, location: 2F 1-1: Called Strike 1-2: Strikes out swinging
|
Batting: LHB Kyoji Hakoda
|
0-0: Called Strike 0-1: Swinging Strike 0-2: Strikes out swinging
|
Top of the 9th over - 0 runs, 0 hits, 0 errors, 0 left on base; Toledo 1 - Boston 0 |
BOTTOM OF THE 9TH |
Boston Patriots batting - Pitching for Toledo Stingers : RHP Enrique Castro
|
Batting: LHB Manuel Carmona
|
0-0: Called Strike 0-1: SINGLE (Flyball, 8LS)
|
Batting: LHB Jorge Alejándrez
|
0-0: Swinging Strike 0-1: Ball 1-1: Ball 2-1: Ball 3-1: Ground out U3 (Groundball, 3S) Manuel Carmona to second
|
Batting: RHB Francisco Agámez
|
0-0: Ball 1-0: Called Strike 1-1: Ball 2-1: DOUBLE (Line Drive, 89D) Manuel Carmona scores
|
Batting: LHB Jesús Reyes
|
0-0: Intentional Walk
|
Batting: LHB Juan Alvarado
|
0-0: Ball 1-0: Fly out, F8 (Flyball, 8RXD) Runner from 2nd tags up, SAFE at 3rd, no throw
|
Now in CF: Steve Koch
|
|
Batting: RHB Gerardo Castillo
|
0-0: Swinging Strike 0-1: Ball 1-1: Ball 2-1: SINGLE (Flyball, 89S) Francisco Agámez scores
|
Saturday, December 22nd, 2018 - OOTP Baseball 18.8 Build 76
|
|